 Dungeon Crawl Stone Soup version 0.25.1-2-g60ff931df9 (webtiles) character file.

Game seed: 14616769605461407199

272 Patoropollo the Covered (level 6, 0/53 HPs)
             Began as a Minotaur Fighter on Oct 2, 2020.
             Slain by a river rat (3 damage)
             ... summoned by Eustachio
             ... on level 4 of the Dungeon.
             The game lasted 00:11:02 (2349 turns).

Patoropollo the Covered (Minotaur Fighter)          Turns: 2349, Time: 00:11:03

Health: 0/53       AC:  9    Str: 21    XL:     6   Next: 2%
Magic:  5/5        EV:  6    Int:  5    God:
Gold:   175        SH: 11    Dex: 11    Spells: 5/5 levels left

rFire    . . .     SeeInvis .   o - +6 whip
rCold    . . .     Gourm    .   c - +1 kite shield
rNeg     . . .     Faith    .   l - +0 chain mail
rPois    .         Spirit   .   (helmet restricted)
rElec    .         Reflect  .   (no cloak)
rCorr    .         Harm     .   (no gloves)
MR       .....                  (no boots)
Stlth    ..........             (no amulet)
HPRegen  0.17/turn              (no ring)
MPRegen  0.09/turn              (no ring)

@: berserk cooldown, slowed, very slow
A: retaliatory headbutt, horns 2
a: no special abilities


You were on level 4 of the Dungeon.
You were not hungry.

You visited 1 branch of the dungeon, and saw 4 of its levels.

You collected 175 gold pieces.

Inventory:

Hand Weapons
 a - a +0 whip of electrocution
 o - a +6 whip (weapon)
Armour
 c - a +1 kite shield (worn)
 l - a +0 chain mail (worn)
Scrolls
 b - 2 scrolls of identify
 g - a scroll of remove curse
 i - a scroll of teleportation
 j - a scroll of enchant armour
 m - a scroll of random uselessness {unknown}
 n - a scroll of fear {unknown}
Potions
 d - a potion of might
 e - a potion of curing
 h - a potion of resistance
 k - a potion of berserk rage
 p - 2 potions of haste {unknown}
 q - a potion of ambrosia {unknown}
Comestibles
 f - 5 rations


   Skills:
 + Level 4.4 Fighting
 + Level 5.1 Maces & Flails
 + Level 5.1 Armour
 + Level 1.0 Dodging
 + Level 4.8 Shields


You had 5 spell levels left.
You didn't know any spells.
Your spell library was empty.

Dungeon Overview and Level Annotations

Branches:
Dungeon (4/15)
 Temple: D:4-7

Altars:

Shops:
D:4 }

Annotations:
D:4 Eustachio


Innate Abilities, Weirdness & Mutations

You reflexively headbutt those who attack you in melee.
You have a pair of horns on your head.


Message History

Eustachio is heavily wounded.
The bat hits you but does no damage. You block the quasit's attack.
The quasit claws you but does no damage. x2
Eustachio mumbles some strange words.
Eustachio blinks!
The iron imp hits you.
* * * LOW HITPOINT WARNING * * *
You block the quasit's attack.
The quasit claws you but does no damage. x2
The rat bites you but does no damage.
You closely miss Eustachio. Your headbutt misses Eustachio.
Eustachio is heavily wounded.
You block the bat's attack. The quokka barely misses you.
The river rat bites you.
* * * LOW HITPOINT WARNING * * *
The quasit bites you but does no damage.
The quasit claws you but does no damage.
The quasit barely misses you. You block Eustachio's attack.
The rat bites you but does no damage. The quokka completely misses you.
You block the iron imp's attack. The river rat bites you.
You die...

#...........####......#
#.........######.......
##.......#####....##...
#.........##...#.## .##
##.........##)###O# ...
........b..)..#..r# ....
............###...#.....
......r<5.).# #...r.....
###...r@55#.##..........
##..@.r##.#.........@5
#######..#...........
.#..#...#.....
##..#...###### ....#...#
###.#####


You could see Eustachio, an iron imp (summoned), a quasit (summoned), a river
rat (summoned), a shadow imp (summoned), a quokka (summoned), a bat (summoned)
and a rat (summoned).

Vanquished Creatures
  An ogre (D:4)
  An orc priest (D:3)
  8 adders
  3 oozes
  A worm (D:2)
  2 dart slugs
  3 leopard geckos
  4 orcs
  2 ball pythons
  4 bats
  2 giant cockroaches (D:2)
  4 goblins
  4 hobgoblins
  5 jackals (D:3)
  A quokka (D:2)
  3 frilled lizards
  9 kobolds
  6 rats
63 creatures vanquished.

Notes
Turn   | Place    | Note
-------+----------+-------------------------------------------
     0 | D:1      | Patoropollo the Minotaur Fighter began the quest for the
                  | Orb.
     0 | D:1      | Reached XP level 1. HP: 19/19 MP: 0/0
   186 | D:1      | You fall into a shaft and drop 1 floor!
   189 | D:2      | Reached XP level 2. HP: 27/27 MP: 1/1
   514 | D:1      | Reached XP level 3. HP: 33/33 MP: 2/2
  1217 | D:2      | Reached XP level 4. HP: 35/40 MP: 3/3
  1821 | D:3      | Reached XP level 5. HP: 46/46 MP: 4/4
  2291 | D:4      | Found Qero's Gadget Emporium.
  2309 | D:4      | Noticed Eustachio
  2311 | D:4      | Noticed an ogre
  2331 | D:4      | Killed an ogre
  2331 | D:4      | Reached skill level 5 in Maces & Flails
  2331 | D:4      | Reached skill level 5 in Armour
  2331 | D:4      | Reached skill level 1 in Dodging
  2331 | D:4      | Reached XP level 6. HP: 32/53 MP: 5/5
  2349 | D:4      | Slain by a river rat

Illustrated notes

Levels and vault maps discovered:
D:1:      kennysheep_arrival_forest, layout_basic
D:2:      layout_rooms, first_ration, minmay_ruptured
D:3:      layout_loops_ring, hex_medium, st_stairs_6
D:4:      cheibrodos_greedy_goblins, layout_rooms, serial_shops, shop,
          uniq_eustachio

Skill      XL: |  1  2  3  4  5 |
---------------+----------------+-----
Armour         | 4 5 |  5.1
Shields        | 4 |  4.8
Fighting       | 4 |  4.4
Maces & Flails | 3 4 5 |  5.1
Dodging        | 1 |  1.0

Action                   |  1- 3 |  4- 6 || total
-------------------------+-------+-------++-------
Melee: Flail             |    48 |       ||    48
       Headbutt          |    12 |     9 ||    21
       Whip              |    32 |    86 ||   118
  Use: Scroll            |     7 |       ||     7
       Potion            |       |     2 ||     2
  Eat: Ration            |     2 |       ||     2
Armor: Scale mail        |    30 |     7 ||    37
       Chain mail        |       |    41 ||    41
Dodge: Dodged            |    24 |    30 ||    54
Block: Kite shield       |    37 |    62 ||    99
